 Dungeon Crawl Stone Soup version 0.24-a0-736-g4e6fe308c7 (webtiles) character file.

Game seed: 14482861070214148137, levelgen mode: deterministic

39 Oninnaise the Ruffian (level 3, -4/46 HPs)
             Began as a Demonspawn Chaos Knight on Oct 2, 2019.
             Was a Plaything of Xom.
             Slain by an iron imp (10 damage)
             ... summoned by Xom
             ... on level 2 of the Dungeon.
             The game lasted 00:03:20 (2029 turns).

Oninnaise the Ruffian (Demonspawn Chaos Knight)     Turns: 2029, Time: 00:03:21

Health: -4/46      AC:  6    Str: 17 (18) XL:     3   Next: 28%
Magic:  2/2        EV: 11    Int: 13      God:    Xom [*.....]
Gold:   90         SH:  0    Dex:  7 (10) Spells: 2/2 levels left

rFire    + . .     SeeInvis .     - Unarmed
rCold    . . .     Gourm    .   (no shield)
rNeg     . . .     Faith    .   a - +2 leather armour
rPois    .         Spirit   .   i - +0 helmet
rElec    .         Reflect  .   (no cloak)
rCorr    .         Harm     .   (no gloves)
MR       .....                  (no boots)
Stlth    ..........             (no amulet)
HPRegen  0.15/turn              (no ring)
MPRegen  0.08/turn              (no ring)

@: berserking, drained, very quick
A: blink, blurry vision 1, clumsy 1, deterioration 1, fire resistance 1, low mp
1, powered by pain 1, robust 1, MP-powered wands
a: Blink, Renounce Religion


You were on level 2 of the Dungeon.
You worshipped Xom.
You were a special plaything of Xom.
You were not hungry.

You visited 1 branch of the dungeon, and saw 3 of its levels.

You collected 90 gold pieces.

Inventory:

Hand Weapons
 m - a +0 short sword of speed
Armour
 a - a +2 leather armour (worn)
 i - a +0 helmet (worn)
 l - a +0 scale mail
Scrolls
 c - a scroll of fear {unknown}
 d - 2 scrolls of immolation {unknown}
 f - a scroll of enchant weapon {unknown}
 g - 3 scrolls of blinking {unknown}
 k - a scroll of remove curse {unknown}
Potions
 h - a potion of lignification {unknown}
 j - a potion of heal wounds {unknown}
Comestibles
 b - 2 rations


   Skills:
 - Level 3.0(2.2) Fighting
 - Level 1.7(0.9) Armour
 - Level 0.8(0.1) Dodging
 + Level 4.0(3.2) Unarmed Combat


You had 2 spell levels left.
You didn't know any spells.
Your spell library was empty.

Dungeon Overview and Level Annotations

Branches:
Dungeon (3/15)

Altars:
Qazlal


Innate Abilities, Weirdness & Mutations

Your flesh is heat resistant. (rF+)
You sometimes gain a little power by taking damage.
You can translocate small distances at will.
Scrolls take you a little longer to read.
You are clumsy. (Dex -2)
Your body sometimes deteriorates upon taking damage.
Your magical capacity is low. (-10% MP)
You are robust. (+10% HP)
You expend magic power (3 MP) to strengthen your wands.


Message History

You hit the iron imp but do no damage.
The iron imp is severely wounded.
The iron imp hits you but does no damage.
You hit the iron imp but do no damage.
The iron imp is severely wounded.
The iron imp hits you.
* * * LOW HITPOINT WARNING * * *
Your body deteriorates!
You feel weakened.
You hit the iron imp.
The iron imp is severely wounded.
The iron imp barely misses you.
You hit the iron imp.
The iron imp is almost dead.
Okay, then.
It was a potion of berserk rage.
A red film seems to cover your vision as you go berserk!
You feel yourself moving faster!
You feel mighty!
Xom thinks this is hilarious!
The iron imp hits you!
You die...

......# ?... ......#
..............# ....###
..............# .####
..............# .#
..............# ...
..............# ...
............# .....
#####.........#
.....#####......@?.....#
...............5......###
...........)...........#
#..............<......#
#$.......b...##.......#
#............##.......#
#......b...b##.......#
#...........##.......#
#...........#####....#


You could see an iron imp.

Vanquished Creatures
  An adder (D:2)
  A leopard gecko (D:1)
  A ball python (D:1)
  2 giant cockroaches
  3 goblins
  A hobgoblin (D:1)
  4 jackals (D:1)
  4 kobolds
  A quokka (D:2)
  3 bats
  4 frilled lizards
  4 rats
29 creatures vanquished.

Vanquished Creatures (others)
  A worm (D:2)
  A hobgoblin (D:2)
2 creatures vanquished.

Grand Total: 31 creatures vanquished

Notes
Turn   | Place    | Note
-------+----------+-------------------------------------------
     0 | D:1      | Oninnaise the Demonspawn Chaos Knight began the quest for
                  | the Orb.
     0 | D:1      | Reached XP level 1. HP: 18/18 MP: 1/1
    39 | D:1      | XOM: harmless Chrm miscast
    47 | D:1      | Reached skill level 3 in Unarmed Combat
    61 | D:1      | XOM: divination: detect creatures
    77 | D:1      | XOM: harmless Hex miscast
    83 | D:1      | XOM: give mutations
    83 | D:1      | Gained mutation: Your magical capacity is low. (-10% MP)
                  | [Xom's mischief]
    83 | D:1      | Gained mutation: Your body sometimes deteriorates upon
                  | taking damage. [Xom's mischief]
    83 | D:1      | Gained mutation: Scrolls take you a little longer to read.
                  | [Xom's mischief]
    83 | D:1      | Gained mutation: You are clumsy. (Dex -2) [Xom's mischief]
   113 | D:1      | XOM: harmless Summ miscast
   206 | D:1      | XOM: confusion
   208 | D:1      | Gained mutation: Your flesh is heat resistant. (rF+)
                  | [demonic ancestry]
   208 | D:1      | Reached XP level 2. HP: 20/24 MP: 1/1
   235 | D:1      | XOM: draining
   626 | D:1      | XOM: harmless Tloc miscast
   700 | D:1      | XOM is BORED!
   948 | D:1      | XOM: give mutations
   948 | D:1      | Gained mutation: You can translocate small distances at
                  | will. [Xom's grace]
   948 | D:1      | Gained mutation: You are robust. (+10% HP) [Xom's grace]
   948 | D:1      | Gained mutation: You expend magic power (3 MP) to
                  | strengthen your wands. [Xom's grace]
  1238 | D:2      | Gained mutation: You sometimes gain a little power by
                  | taking damage. [demonic ancestry]
  1238 | D:2      | Reached XP level 3. HP: 14/31 MP: 2/2
  1266 | D:2      | XOM: summons 1 hostile demon
  1302 | D:3      | XOM: 7-stop teleportation journey
  1502 | D:3      | XOM: medium Pois miscast
  1936 | D:2      | Found a stormy altar of Qazlal.
  1957 | D:2      | Reached skill level 4 in Unarmed Combat
  2007 | D:2      | XOM: summons 1 hostile demon
  2019 | D:2      | XOM: butterfly on damage
  2029 | D:2      | Slain by an iron imp

Levels and vault maps discovered:
D:1:      dpeg_arrival_erosion, layout_loops_ring
D:2:      layout_basic, grunt_qazlal_clouds, first_ration
D:3:      layout_basic, lemuel_coloured_pillars_altar,
          yredelemnul_altar_generic, gammafunk_ghost_split, dk_xom_monty_hall

Skill      XL: |  1  2  3 |
---------------+----------+-----
Unarmed Combat | 3 4 |  4.0
Fighting       | |  3.0
Armour         | |  1.7
Dodging        | |  0.8

Action                   || total
-------------------------++-------
Melee: Unarmed           ||   149
       Punch             ||     2
  Use: Potion            ||     1
  Eat: Ration            ||     1
Armor: Leather armour    ||    54
Dodge: Dodged            ||    86

Table legend:
 A = Non-vault XP
 B = Vault XP
 C = Vault XP percentage of total XP
 D = Non-vault monster count
 E = Vault monster count
 F = Vault count percentage of total count
                 A         B        C        D         E       F
            +---------+---------+-------+---------+---------+-------
      Total |      57 |       0 |   0.0 |      29 |       0 |   0.0
            +---------+---------+-------+---------+---------+-------
        D:1 |      31 |       0 |   0.0 |      18 |       0 |   0.0
        D:2 |      25 |       0 |   0.0 |      10 |       0 |   0.0
        D:3 |       1 |       0 |   0.0 |       1 |       0 |   0.0
            +---------+---------+-------+---------+---------+-------
